Map: Magannatha LE

Players

herO

  • Race: Protoss Protoss
  • Spawn Location: 5:00

Solar - Winner!

  • Race: Zerg Zerg
  • Spawn Location: 11:00

Event: Esports World Cup 2025

VOD

Have the link to the VOD?

Description

Time

  • Played on: July 24, 2025, 11:20 a.m.
  • Length: 12:10

All games in this series

Show
View Real Time Build Order
Export as new Build Order

herO Protoss 

Build Orders: 1 Gate Expand, Oracle Opening 

Get SALT Encoding   

  12  0:00  Probe  
  13  0:13  Pylon, Probe  
  14  0:21  Probe  
  15  0:32  Probe  
  16  0:39  Gateway  
  16  0:44  Probe  
  16  0:48  Assimilator  
  17  0:56  Probe  
  18  1:08  Probe  
  19  1:20  Probe  
  20  1:27  Nexus  
  20  1:36  Cybernetics Core  
  20  1:38  Probe  
  21  1:45  Assimilator  
  21  1:50  Probe  
  22  1:54  Pylon  
  22  2:02  Probe  
  22  2:03  Adept  
  23  2:15  Probe  
  26  2:17  Stargate  
  26  2:26  Warp Gate  
  26  2:27  Probe  
  27  2:33  Adept  
  27  2:35  Probe  
  29  2:39  Probe  
  29  2:43  Probe  
  31  2:51  Oracle, Probe  
  33  2:53  Probe  
  34  3:03  Adept  
  34  3:05  Probe x2  
  40  3:09  Pylon  
  41  3:17  Probe  
  41  3:18  Probe  
  43  3:21  Oracle  
  43  3:29  Probe  
  43  3:30  Probe  
  48  3:40  Nexus  
  48  3:43  Pylon  
  48  3:45  Probe  
  48  3:47  Probe  
  50  3:53  Adept  
  52  3:57  Oracle  
  52  4:00  Gateway, Probe x2  
  57  4:14  Probe x2  
  59  4:21  Assimilator  
  59  4:22  Assimilator  
  59  4:27  Twilight Council  
  59  4:29  Forge  
  59  4:30  Probe  
  61  4:33  Adept  
  61  4:34  Shield Battery  
  62  4:41  Pylon  
  62  4:52  Probe x2  
  64  4:55  Gateway  
  64  4:57  Gateway  
  64  4:58  Adept  
  64  4:59  Probe  
  67  5:04  Probe x2  
  69  5:09  Protoss Ground Weapons Level 1, Adept  
  69  5:11  Probe  
  68  5:19  Resonating Glaives  
  68  5:20  Probe x2  
  68  5:23  Probe  
  65  5:36  Probe x3  
  65  5:38  Adept  
  65  5:39  Adept  
  72  5:42  Gateway  
  72  5:44  Gateway  
  72  5:48  Gateway, Pylon  
  72  5:49  Adept  
  74  5:53  Adept  
  74  5:55  Probe x2  
  78  6:04  Pylon  
  78  6:09  Probe x3  
  81  6:12  Stalker x2  
  85  6:20  Pylon  
  85  6:22  Pylon x2  
  86  6:25  Probe  
  86  6:31  Gateway  
  86  6:32  Gateway  
  86  6:33  Adept x2  
  86  6:37  Adept, Templar Archives  
  86  6:39  Adept x3  
  99  6:47  Probe  
  99  6:48  Probe x2, Assimilator  
  99  6:49  Assimilator  
  99  6:50  Pylon  
  99  6:54  Protoss Ground Armor Level 1  
  101  6:57  Blink  
  101  6:59  Probe  
  101  7:00  Psionic Storm, Probe x2  
  104  7:04  Forge  
  104  7:09  Adept x5  
  114  7:17  Probe  
  115  7:23  High Templar x2  
  115  7:27  Photon Cannon  
  119  7:36  High Templar  
  107  7:46  High Templar  
  107  7:49  Protoss Ground Weapons Level 2  
  107  7:53  Stalker x4  
  115  7:58  Photon Cannon  
  115  7:59  Shield Battery  
  115  8:02  Stalker x3  
  121  8:09  Gateway  
  121  8:16  Pylon  
  121  8:17  Shield Battery  
  121  8:27  Stalker x2  
  125  8:35  Nexus  
  125  8:36  Pylon  
  125  8:40  Pylon  
  125  8:41  Stalker x4  
  133  8:46  Pylon x2  
  133  8:48  Pylon  
  125  8:56  High Templar x2  
  125  8:57  Probe, High Templar  
  125  8:58  Probe x2  
  125  8:59  Photon Cannon  
  125  9:01  Photon Cannon  
  134  9:03  Photon Cannon  
  134  9:04  Shield Battery  
  134  9:06  Pylon  
  134  9:10  Protoss Shields Level 1  
  134  9:11  Stalker x3  
  134  9:12  Stalker x2  
  134  9:14  Pylon  
  144  9:18  Charge  
  144  9:20  Assimilator  
  144  9:24  Assimilator  
  144  9:25  Zealot x2  
  133  9:39  Stalker x3  
  135  9:49  Stalker x3  
  141  10:06  Stalker x5  
  145  10:12  Zealot x4  
  92  10:37  Stalker x7  
  94  10:51  High Templar  
  94  10:52  Zealot x2  
  98  11:01  High Templar  
  100  11:06  High Templar, Zealot x2  
  100  11:07  Zealot  
  102  11:23  Stalker x4  
  102  11:24  Stalker  
  106  11:26  Archon  
  106  11:29  Stalker x3  
  69  11:50  High Templar, Zealot  
  69  11:51  Zealot x4  
  63  11:55  Zealot x3  
Show
View Real Time Build Order
Export as new Build Order

Solar Zerg - Winner!

Build Orders: Hatch First 

Get SALT Encoding   

  12  0:00  Drone  
  13  0:08  Drone  
  14  0:15  Drone, Extractor  
  15  0:22  Overlord  
  15  0:42  Drone  
  16  0:44  Drone  
  17  0:52  Drone, Hatchery  
  17  0:56  Drone  
  18  1:08  Extractor  
  17  1:12  Spawning Pool  
  17  1:15  Drone  
  17  1:18  Drone  
  18  1:27  Drone  
  19  1:38  Drone  
  20  1:49  Overlord  
  20  1:59  Queen  
  22  2:04  Zergling x4, Queen  
  26  2:12  Drone  
  26  2:14  Metabolic Boost  
  26  2:15  Drone  
  28  2:24  Drone  
  28  2:26  Drone  
  30  2:35  Hatchery  
  29  2:39  Zergling x2  
  30  2:45  Queen  
  30  2:50  Overlord  
  32  2:52  Drone  
  32  2:55  Zergling x2  
  32  2:58  Drone  
  35  3:02  Drone  
  36  3:09  Queen  
  39  3:12  Drone  
  39  3:13  Drone x2  
  41  3:20  Overlord  
  41  3:23  Drone x2  
  41  3:26  Drone  
  43  3:29  Overlord  
  43  3:37  Queen  
  43  3:40  Drone x2, Spore Crawler  
  46  3:42  Drone  
  46  3:44  Drone  
  46  3:46  Zergling x2  
  49  3:48  Drone  
  48  3:55  Drone  
  48  3:58  Drone x2  
  48  3:59  Drone  
  48  4:01  Spore Crawler  
  51  4:03  Drone x2  
  51  4:08  Drone x3  
  56  4:11  Overlord  
  56  4:16  Evolution Chamber  
  55  4:19  Drone x3  
  55  4:23  Drone x3  
  61  4:28  Overlord  
  61  4:29  Drone x2  
  61  4:31  Drone  
  64  4:35  Zergling x2  
  64  4:36  Zergling x2  
  66  4:42  Hatchery  
  65  4:46  Zerg Melee Weapons Level 1  
  65  4:48  Overlord  
  65  4:49  Drone  
  65  4:50  Drone  
  65  4:51  Extractor x2  
  65  4:55  Zergling x8  
  65  4:56  Zergling x2  
  70  5:00  Zergling x6  
  70  5:04  Overlord  
  70  5:06  Zergling x6  
  74  5:11  Drone  
  72  5:14  Spore Crawler  
  72  5:18  Drone x2  
  70  5:21  Drone x2  
  70  5:23  Drone, Lair  
  70  5:26  Drone x2  
  70  5:28  Drone  
  72  5:29  Drone  
  72  5:30  Drone  
  72  5:33  Drone  
  72  5:38  Queen  
  72  5:40  Drone x2  
  72  5:41  Extractor  
  75  5:42  Extractor  
  75  5:46  Queen  
  75  5:48  Drone x3  
  79  5:53  Zergling x4  
  79  5:55  Zergling x2  
  82  5:58  Zergling x2, Baneling Nest  
  82  6:00  Zergling x2  
  82  6:01  Zergling x4  
  82  6:03  Drone x2  
  85  6:04  Zergling x2  
  85  6:05  Zergling x2  
  87  6:12  Zergling x4  
  87  6:13  Zergling x8  
  87  6:17  Drone x2  
  95  6:23  Drone x2  
  95  6:24  Hydralisk Den  
  96  6:27  Overlord x2  
  95  6:33  Overlord x3  
  95  6:37  Overlord  
  95  6:43  Overlord  
  95  6:44  Overseer  
  95  6:46  Drone x4, Zerg Missile Weapons Level 1  
  99  6:48  Drone  
  99  6:51  Baneling x8  
  99  6:52  Baneling x2  
  99  6:53  Zergling x2  
  101  6:55  Grooved Spines  
  101  6:57  Zergling x6  
  101  6:59  Zergling x2  
  101  7:00  Zergling x2  
  106  7:03  Hydralisk  
  106  7:08  Hydralisk x2  
  106  7:09  Evolution Chamber  
  106  7:13  Hydralisk  
  106  7:14  Hydralisk  
  111  7:18  Drone x4  
  111  7:19  Drone  
  111  7:21  Drone x2  
  118  7:24  Zergling x6  
  118  7:26  Zergling x4  
  118  7:29  Overlord  
  123  7:31  Hydralisk x2  
  123  7:33  Zergling x2  
  123  7:36  Zergling x8  
  126  7:47  Hydralisk x4  
  126  7:49  Drone  
  126  7:50  Drone  
  134  7:56  Drone x2, Spore Crawler  
  135  7:59  Drone x2, Muscular Augments  
  135  8:00  Drone x2  
  135  8:01  Extractor  
  135  8:04  Overlord  
  138  8:06  Centrifugal Hooks  
  138  8:08  Zergling x8  
  138  8:09  Zergling x2  
  143  8:13  Hydralisk x2  
  143  8:14  Hydralisk  
  143  8:17  Overlord  
  149  8:20  Overlord  
  149  8:23  Overlord, Spine Crawler  
  147  8:27  Overlord  
  147  8:28  Overseer  
  147  8:30  Drone x2  
  147  8:33  Drone  
  150  8:37  Drone  
  150  8:39  Hydralisk x2  
  155  8:44  Hydralisk x3  
  155  8:45  Hatchery  
  155  8:48  Hydralisk x2  
  159  8:52  Hydralisk  
  162  8:55  Hydralisk x2  
  162  9:02  Hatchery, Baneling x8  
  165  9:03  Zergling x10  
  165  9:06  Baneling x2  
  165  9:08  Zergling x6  
  165  9:09  Zergling x2, Baneling x2  
  174  9:12  Zergling x8  
  174  9:14  Baneling  
  174  9:15  Zergling x4  
  180  9:17  Baneling x4  
  180  9:19  Overlord  
  180  9:22  Zergling x8  
  183  9:24  Hydralisk  
  183  9:28  Hydralisk x3  
  189  9:32  Zergling x4  
  189  9:38  Zergling x16  
  184  9:45  Hydralisk x4  
  179  9:49  Zergling x6  
  179  9:51  Zergling x4  
  186  9:55  Baneling x9  
  186  9:56  Zergling x2  
  186  9:59  Zergling x6  
  190  10:02  Zergling x8  
  182  10:07  Zergling x10  
  182  10:13  Hydralisk x3  
  185  10:14  Zergling x2  
  169  10:26  Hydralisk x6  
  151  10:30  Zergling x10  
  151  10:34  Zergling x4  
  148  10:36  Zergling x4  
  148  10:38  Zergling x2  
  148  10:39  Zergling x4  
  148  10:41  Hydralisk  
  152  10:43  Zergling x4  
  152  10:46  Zergling x4  
  155  10:51  Hydralisk x2  
  155  10:53  Zergling x4  
  155  10:54  Drone  
  161  10:58  Zergling x8  
  161  11:00  Baneling x11  
  161  11:01  Baneling  
  161  11:02  Zergling x4, Baneling x2  
  167  11:07  Zergling x4  
  167  11:09  Zergling x2  
  170  11:17  Zergling x14  
  168  11:22  Zergling x14  
  168  11:25  Baneling x2  
  165  11:28  Hydralisk x2  
  165  11:30  Zergling x12  
  163  11:38  Hydralisk x2  
  159  11:41  Hydralisk x2  
  159  11:45  Zergling x8  
  162  11:49  Zergling x2  
  162  11:50  Zergling x2  
Tags
 
Add a new tag
Caveats
  • Supply blocks, unpowered buildings, or Contaminate may cause inaccurate times.
  • Supply counts are checked every 10 seconds.